 Dungeon Crawl Stone Soup version 0.32-a0-685-g93135e86f0 (webtiles) character file.

Game seed: 12792074420671189027

1271 smashvw the Mimic (level 8, 0/62 HPs)
             Began as a Merfolk Shapeshifter on Mar 12, 2024.
             Was an Initiate of Gozag.
             Slain by a gnoll
             ... wielding a +1 whip of electrocution
             ... led by a gnoll bouda
              (13 damage)
             ... on level 6 of the Dungeon.
             The game lasted 00:14:14 (4635 turns).

smashvw the Mimic (Merfolk Shapeshifter)            Turns: 4635, Time: 00:14:15

Health: 0/62       AC:  0    Str: 17    XL:     8   Next: 53%
Magic:  8/8        EV: 22    Int:  9    God:    Gozag
Gold:   147        SH:  0    Dex: 13    Spells: 7/7 levels left

rFire   . .          .
                       - Unarmed
rCold   . . .        b - melded +0 buckler
rNeg    . . .        a - melded +0 animal skin
rPois   .            (no helmet)
rElec   .            (no cloak)
rCorr   .            (no gloves)
SInv    .            (no boots)
Will    +....        r - amulet of regeneration
Stlth   +            f - ring of willpower
HPRegen 1.10/turn    i - +5 ring of evasion
MPRegen 0.11/turn

%: no passive effects
@: flux-form, weakened, glowing
A: glow, contaminating, (nimble swimmer 2), mertail
a: Begin Untransformation, Renounce Religion, Potion Petition, Call Merchant,
Bribe Branch


You were on level 6 of the Dungeon.
You worshipped Gozag.
Gozag was aware of your devotion.
You were something dangerously unstable.
You visited 2 branches of the dungeon, and saw 7 of its levels.

You collected 200 gold pieces.
You paid 53 gold pieces to Gozag.

Inventory:

Armour
 a - a +0 animal skin (melded)
 b - a +0 buckler (melded)
 g - a +1 helmet
 p - a +0 pair of gloves
Jewellery
 e - a ring of fire
 f - a ring of willpower (left hand)
 i - a +5 ring of evasion (right hand)
 j - an amulet of guardian spirit
 m - an amulet of the acrobat
 n - a ring of protection from cold
 r - an amulet of regeneration (around neck)
Talismans
 c - a beast talisman
 d - a flux talisman (active)
 h - a blade talisman
 o - a maw talisman
Wands
 k - a wand of paralysis (22) (quivered)
 v - a wand of roots (2)
Scrolls
 s - a scroll of enchant armour {unknown}
 u - a scroll of enchant weapon
Potions
 l - a potion of invisibility
 q - a potion of brilliance {unknown}
 t - a potion of curing {unknown}


   Skills:
 + Level 5.3 Fighting
 - Level 5.0 Dodging
 - Level 3.0 Stealth
 + Level 4.8 Unarmed Combat
 + Level 1.3 Evocations
 * Level 9.0 Shapeshifting


You had 7 spell levels left.
You didn't know any spells.
Your spell library contained the following spells:

 Spells                   Type           Power      Damage    Failure   Level
 Sandblast                Erth           0%         2d4       38%         1
 Shock                    Conj/Air       0%         1d3       38%         1
 Stone Arrow              Conj/Erth      0%         3d7       77%         3
 Swiftness                Air            0%         N/A       77%         3
 Tukima's Dance           Hex            0%         N/A       77%         3
 Airstrike                Air            0%         2d(0-16)  99%         4
 Brom's Barrelling Bould  Conj/Erth      0%         2d3       99%         4
 Dimensional Bullseye     Hex/Tloc       0%         N/A       99%         4
 Iskenderun's Mystic Bla  Conj/Tloc      0%         2d3       99%         4


Dungeon Overview and Level Annotations

Branches:
Dungeon (6/15)             Temple (1/1) D:6

Altars:
Cheibriados
Dithmenos
Fedhas
Gozag
Hepliaklqana
Makhleb
Nemelex Xobeh
Okawaru
Qazlal
Trog
Uskayaw
Vehumet
Zin

Shops:
D:2 [


Innate Abilities, Weirdness & Mutations

You are something dangerously unstable.
You glow with magical radiation, making you easy to see and hit.
Foes you strike become dangerously contaminated with magical radiation.
You are incapable of wielding weapons or throwing items.
((You are very nimble when in or above water. (Stealth+, EV+, Speed+++)))
Your lower body shifts to a powerful aquatic tail in water.


Message History

You feel your attacks grow feeble. The gnoll barely misses you.
You see here a +0 ring mail.
The gnoll attacks as it pursues you! The gnoll completely misses you.
The gnoll attacks as it pursues you! The gnoll misses you.
The gnoll hits you with a +0 whip. The gnoll attacks as it pursues you!
The gnoll closely misses you. The gnoll completely misses you.
The gnoll attacks as it pursues you! The gnoll completely misses you.
The gnoll is no longer moving quickly.
The gnoll bouda gazes fiercely through you!
You feel as though you will be weak longer.
The gnoll attacks as it pursues you! The gnoll closely misses you.
The gnoll completely misses you. x2
The gnoll is no longer moving quickly.
The gnoll bouda gazes fiercely through you!
You feel as though you will be weak longer.
The gnoll attacks as it pursues you!
The gnoll hits you with a +1 whip of electrocution!
You are electrocuted!!
The gnoll attacks as it pursues you! The gnoll hits you with a +0 whip.
The gnoll attacks as it pursues you! The gnoll barely misses you.
The gnoll attacks as it pursues you! The gnoll closely misses you.
The gnoll is no longer moving quickly.
The gnoll bouda gazes fiercely through you!
You feel as though you will be weak longer.
The gnoll attacks as it pursues you! The gnoll completely misses you.
The gnoll bouda barks out a call to the hunt!
The gnolls pick up the pace!
The gnoll attacks as it pursues you! The gnoll barely misses you.
The gnoll attacks as it pursues you! The gnoll completely misses you.
The gnoll attacks as it pursues you! The gnoll misses you.
The gnoll hits you with a +0 whip! The gnoll attacks as it pursues you!
The gnoll hits you with a +1 whip of electrocution.
The gnoll hits you with a +1 whip of electrocution!
* * * LOW HITPOINT WARNING * * *
You are electrocuted!
You die...
Your body crumbles into a pile of gold.

..................#......#.>.+...
..................#.>#####⌠.⌠####
..................#..# ###'###
..................#..# ###.###
..................#..# #.#
....[...g.....g...##'######.#####
##.......#####..................#
.#.......# #.gg...............#
.#.......# #..p...............+
.#.......# #..................#
.#.......# #.....<............#
.#......## #..................#
.+......# #..................#
.#......# ####################
.#......# .#......# #......#


You could see 3 gnolls.

Vanquished Creatures
  Eustachio (D:6)
  2 ogres
  A bullfrog (D:6)
  3 scorpions
  A howler monkey (D:4)
  A bombardier beetle (D:4)
  4 orc priests
  2 hounds
  4 jellies
  2 iguanas (D:5)
  A sleepcap (D:5)
  3 orc wizards
  12 adders
  A shadow imp (D:6)
  2 white imps
  2 ufetubi (D:3)
  2 dart slugs
  A ribbon worm (D:5)
  7 orcs
  4 bats
  8 endoplasms
  3 giant cockroaches
  5 goblins
  5 hobgoblins
  2 jackals (D:1)
  2 quokkas
  4 ball pythons
  4 frilled lizards
  9 kobolds
  2 rats (D:1)
100 creatures vanquished.

Notes
Turn   | Place    | Note
-------+----------+-------------------------------------------
     0 | D:1      | smashvw the Merfolk Shapeshifter began the quest for the
                  | Orb.
     0 | D:1      | Reached XP level 1. HP: 15/15 MP: 1/1
   144 | D:1      | Reached XP level 2. HP: 21/21 MP: 2/2
   459 | D:1      | Reached skill level 1 in Stealth
   538 | D:1      | You fall into a shaft and drop 1 floor!
   758 | D:2      | Reached XP level 3. HP: 24/27 MP: 3/3
   795 | D:2      | Found an iron altar of Okawaru.
   795 | D:2      | Found Dastriot's Antique Armour Shoppe.
  1418 | D:3      | Reached skill level 5 in Shapeshifting
  1418 | D:3      | Reached XP level 4. HP: 30/33 MP: 4/4
  1506 | D:3      | Found a shadowy altar of Dithmenos.
  1963 | D:3      | Reached XP level 5. HP: 20/39 MP: 5/5
  2466 | D:4      | Reached skill level 6 in Shapeshifting
  2466 | D:4      | Reached XP level 6. HP: 25/47 MP: 3/6
  2943 | D:4      | Reached XP level 7. HP: 52/52 MP: 7/7
  2955 | D:4      | Reached skill level 5 in Dodging
  3042 | D:4      | Reached skill level 7 in Shapeshifting
  3457 | D:4      | Found a burning altar of Makhleb.
  3584 | D:5      | Entered Level 5 of the Dungeon
  3584 | D:5      | Found a radiant altar of Vehumet.
  3681 | D:5      | Reached skill level 8 in Shapeshifting
  3723 | D:4      | Reached XP level 8. HP: 13/61 MP: 8/8
  3917 | D:5      | Found a hazy altar of Hepliaklqana.
  4320 | D:6      | Reached skill level 5 in Fighting
  4351 | D:6      | Noticed Eustachio
  4462 | D:6      | Found a staircase to the Ecumenical Temple.
  4485 | Temple   | Entered the Ecumenical Temple
  4503 | Temple   | Became a worshipper of Gozag Ym Sagoz the Greedy
  4567 | D:6      | Killed Eustachio
  4568 | D:6      | Reached skill level 1 in Evocations
  4568 | D:6      | Reached skill level 9 in Shapeshifting
  4635 | D:6      | Slain by a gnoll

Illustrated notes

Levels and vault maps discovered:
D:1:      wander_arrival_estate, layout_loops_ring
D:2:      layout_basic, basic_altar, serial_shops, shop
D:3:      layout_loops_ring, nicolae_dithmenos_through_a_glass_darkly
D:4:      layout_loops_ring, lemuel_crystal_altar, minmay_checkerbox
D:5:      layout_rooms, lemuel_doored_altar, fiery_altar_vehumet
D:6:      layout_gridville, lemuel_mausoleum_altar_yredelemnul, temple_doors_e,
          uniq_eustachio
Temple:   chequers_temple_sunken

Skill      XL: |  1  2  3  4  5  6  7  8 |
---------------+-------------------------+-----
Dodging        | 3 4 5 |  5.0
Stealth        | 1 2 3 |  3.0
Fighting       | 2 3 4 5 |  5.3
Shapeshifting  | 5 6 8 9 |  9.0
Unarmed Combat | 4 |  4.8
Evocations     | 1 |  1.3

Action                     |  1- 3 |  4- 6 |  7- 9 || total
---------------------------+-------+-------+-------++-------
  Melee: Unarmed           |    66 |   140 |   191 ||   397
         Punch             |     3 |       |       ||     3
  Evoke: Wand              |       |     5 |       ||     5
    Use: Scroll            |     1 |       |     2 ||     3
         Potion            |     1 |     2 |       ||     3
   Stab: Sleeping          |     5 |     1 |       ||     6
         Paralysed         |       |     5 |       ||     5
 Armour: Animal skin       |    28 |    73 |     5 ||   106
         Skin              |     3 |       |    52 ||    55
  Dodge: Dodged            |    35 |    68 |   177 ||   280
  Block: Buckler           |     1 |    23 |     4 ||    28
   Form: Flux              |       |       |     1 ||     1

Table legend: (Time is in decaauts)
 A = Elapsed time spent in this place.
 B = Non-inter-level travel time spent in this place.
 C = Inter-level travel time spent in this place.
 D = Time resting spent in this place.
 E = Time spent auto-exploring this place.
 F = Levels seen in this place.
 G = Mean time per level.
                   A        B        C        D        E       F      G
               +--------+--------+--------+--------+--------+-----+--------+
         Total |   4590 |   4435 |    155 |    327 |   3157 |   7 |  655.7 |
       Dungeon |   4558 |   4432 |    126 |    327 |   3157 |   6 |  759.7 |
        Temple |     32 |      3 |     29 |      0 |      0 |   1 |   32.0 |
               +--------+--------+--------+--------+--------+-----+--------+

Top non-repeatable levels by time:
     D:4: 1188 daAuts
     D:3: 1049 daAuts
     D:1: 698 daAuts
     D:2: 685 daAuts
     D:5: 642 daAuts
     D:6: 293 daAuts
  Temple: 32 daAuts
